 Dungeon Crawl Stone Soup version 0.32-a0-292-g751ec8d2e7 (console) character file.

Game seed: 15603224259524663558

9 Mandevil the Shield-Bearer (level 2, 0/24 HPs)
             Began as a Formicid Fighter on Feb 14, 2024.
             Shot with an arrow by a centaur (6 damage)
             ... led by a centaur warrior
             ... on level 15 of the Dungeon.
             The game lasted 00:01:33 (194 turns).

Mandevil the Shield-Bearer (Formicid Fighter)        Turns: 194, Time: 00:01:34

Health: 0/24       AC:  6    Str: 20    XL:     2   Next: 25%
Magic:  2/2        EV:  9    Int:  7    God:
Gold:   47         SH:  5    Dex: 13    Spells: 1/1 levels left

rFire   . . .        a - +0 war axe
rCold   . . .        c - +0 buckler
rNeg    . . .        b - +0 scale mail
rPois   .            (helmet unavailable)
rElec   .            (no cloak)
rCorr   .            (no gloves)
SInv    +            (no boots)
Will    .....        (no amulet) Stlth
                     (no ring)
HPRegen 0.24/turn    (no ring)
MPRegen 0.08/turn

%: no passive effects
@: no status effects
A: permanent stasis, dig shafts and tunnels, antennae 3, four strong arms
a: Dig, Shaft Self


You were on level 15 of the Dungeon.
You visited 1 branch of the dungeon, and saw 8 of its levels.

You collected 47 gold pieces.

Inventory:

Hand Weapons
 a - a +0 war axe (weapon)
Armour
 b - a +0 scale mail (worn)
 c - a +0 buckler (worn)
Wands
 h - a wand of roots (9)
Scrolls
 f - a scroll of vulnerability
Potions
 d - a potion of might
 e - a potion of ambrosia {unknown}
 g - a potion of enlightenment {unknown}


   Skills:
 + Level 3.4 Fighting
 + Level 2.2 Axes
 + Level 3.4 Armour
 + Level 4.2 Shields


You had one spell level left.
You didn't know any spells.
Your spell library was empty.

Dungeon Overview and Level Annotations

Branches:
Dungeon (2/15)

Altars:


Innate Abilities, Weirdness & Mutations

You cannot be hasted, slowed, berserked, paralysed or teleported.
You can dig through walls and to a lower floor.
You have a pair of large antennae on your head. (SInv)
Your four strong arms can wield two-handed weapons with a shield.


Message History

You see here a +0 sling.
Are you sure you want to shaft yourself?
You begin to dig a shaft.
You continue digging a shaft.
A shaft appears beneath you!
You fall into a shaft and drop 1 floor!
The shaft crumbles and collapses.
Beware, you cannot shaft yourself on this level.
Found a scroll labelled HUOR EWKILUO.
Unknown command.
Unknown command.
i - a scroll labelled HUOR EWKILUO
As you read the scroll labelled HUOR EWKILUO, it crumbles to dust.
It is a scroll of identify.
f - a scroll of vulnerability A centaur comes into view.
The centaur shouts!
The centaur wields a +0 shortbow.
The centaur shoots an arrow.
The arrow barely misses you.
A centaur comes into view.
A centaur warrior and a centaur come into view.
Found a stone staircase leading up.
The centaur warrior shouts!
The centaur shouts! x2
The centaur warrior wields a +0 orcbow.
The centaur warrior shoots an arrow.
The arrow barely misses you.
The centaur wields a +0 shortbow.
The centaur shoots an arrow.
The arrow hits you!
The centaur shoots an arrow.
The arrow barely misses you.
The centaur wields a +0 shortbow.
The centaur shoots an arrow.
The arrow hits you!
* * * LOW HITPOINT WARNING * * *
Okay, then.
Unknown command.
Aiming: Fastroot
Press: ? - help, Shift-Dir - straight line The roots erupt in riotous growth!
Roots grab the centaur. x2; Roots grab the centaur warrior.
The grasping roots constrict the centaur warrior.
The grasping roots constrict the centaur. x2
The centaur warrior escapes!
The centaur struggles to escape constriction.
The centaur shoots an arrow.
The arrow hits you.
You die...

...........####
...#####......#
### #...##.####
##.###....# #.#
####.# #.# #.#
#.# #.# #.# #.#


{{{{ ... #B# ... #.# ... ....< ....... #.......c #.....cc.c #.......#.# You
could see a centaur warrior and 3 centaurs.

Vanquished Creatures
  2 endoplasms (D:1)
  A giant cockroach (D:4)
  A goblin (D:1)
  A ball python (D:1)
5 creatures vanquished.

Notes
Turn   | Place    | Note
-------+----------+-------------------------------------------
     0 | D:1      | Mandevil the Formicid Fighter began the quest for the Orb.
     0 | D:1      | Reached XP level 1. HP: 18/18 MP: 1/1
    92 | D:1      | Reached XP level 2. HP: 17/24 MP: 2/2
   129 | D:1      | You fall into a shaft and drop 1 floor!
   132 | D:2      | You fall into a shaft and drop 2 floors!
   150 | D:4      | You fall into a shaft and drop 3 floors!
   158 | D:7      | You fall into a shaft and drop 2 floors!
   161 | D:9      | You fall into a shaft and drop 2 floors!
   164 | D:11     | You fall into a shaft and drop 3 floors!
   175 | D:14     | You fall into a shaft and drop 1 floor!
   175 | D:15     | Entered Level 15 of the Dungeon
   192 | D:15     | Noticed a centaur
   192 | D:15     | Noticed a centaur
   193 | D:15     | Noticed a centaur warrior
   193 | D:15     | Noticed a centaur
   194 | D:15     | Shot with an arrow by a centaur

Illustrated notes

Levels and vault maps discovered:
D:1:      dpeg_arrival_court, layout_loops_corners
D:2:      layout_rooms, grunt_decor_fettered, kennysheep_generic_room_4,
          uniq_jessica
D:4:      layout_basic, gammafunk_ghost_arena, minmay_misc_feat_enclosed,
          nicolae_shop_gadgets, uniq_crazy_yiuf_cottage
D:7:      layout_basic, hangedman_decor_riveting
D:9:      layout_stronghold, kennysheep_generic_room_5, uniq_erica
D:11:     layout_loops_ring, serial_bayou_lake_a
D:14:     layout_roguey, hellmonk_vaults_attempted_burglary,
          chequers_serial_rivers_micro_c, gauntlet_entry_generic
D:15:     hellmonk_depths_entry_around_the_bend, layout_rooms, minivault_25,
          special_room [special_room_orc]

Action                     || total
---------------------------++-------
  Melee: War axe           ||    16
Ability: Shaft Self        ||     7
  Evoke: Wand              ||     1
    Use: Scroll            ||     1
 Armour: Scale mail        ||    13
  Dodge: Dodged            ||     7
  Block: Buckler           ||     4

Table legend: (Time is in decaauts)
 A = Elapsed time spent in this place.
 B = Non-inter-level travel time spent in this place.
 C = Inter-level travel time spent in this place.
 D = Time resting spent in this place.
 E = Time spent auto-exploring this place.
 F = Levels seen in this place.
 G = Mean time per level.
                   A        B        C        D        E       F      G
               +--------+--------+--------+--------+--------+-----+--------+
         Total |    199 |    199 |      0 |      0 |      0 |   8 |   24.9 |
       Dungeon |    199 |    199 |      0 |      0 |      0 |   8 |   24.9 |
               +--------+--------+--------+--------+--------+-----+--------+

Top non-repeatable levels by time:
     D:1: 133 daAuts
     D:4: 20 daAuts
    D:15: 18 daAuts
    D:14: 10 daAuts
     D:7: 7 daAuts
     D:2: 2 daAuts
     D:9: 2 daAuts
    D:11: 2 daAuts
